[Event "FIDE World Rapid-ch Open 2018"]
[White "Baron, Tal"]
[Black "Demchenko, Anton"]
[Site "St. Petersburg"]
[Round "11.49"]
[Annotator "ChessBase"]
[Result "0-1"]
[Date "2018.12.28"]
[WhiteElo "2532"]
[BlackElo "2679"]
[PlyCount "60"]
[TimeControl "900+10"]

1. d4 Nf6 2. c4 d6 3. Nf3 g6 4. Nc3 Bg7 5. e4 0-0 6. Be2 Na6 7. Be3 e5 8. d5 Ng4 9. Bg5 f6 10. Bh4 Nh6 11. Nd2 Nf7 12. a3 c6 13. f3 Bh6 14. Bf2 f5 15. b4 c5 16. b5 Nc7 17. a4 Ne8 18. g4 fxg4 19. fxg4 Bf4 20. h4 a6 21. Nb3 g5 22. h5 Nh6 23. Rg1 Nf6 24. bxa6 bxa6 25. a5 Rb8 26. Nxc5 dxc5 27. Bxc5 Rb2 28. Bb6 Rxb6 29. axb6 Qxb6 30. Rg2 Qb4 0-1

[Event "FIDE World Rapid-ch Open 2018"]
[White "Potapov, Pavel"]
[Black "Esipenko, Andrey"]
[Site "St. Petersburg"]
[Round "11.50"]
[Annotator "ChessBase"]
[Result "1/2-1/2"]
[Date "2018.12.28"]
[WhiteElo "2516"]
[BlackElo "2593"]
[PlyCount "65"]
[TimeControl "900+10"]

1. e4 e5 2. Nf3 Nc6 3. Nc3 Nf6 4. d4 exd4 5. Nxd4 Bb4 6. Nxc6 bxc6 7. Bd3 d6 8. 0-0 Ng4 9. Qf3 0-0 10. Ne2 Bc5 11. Qg3 Kh8 12. Bd2 Ne5 13. Bc3 f6 14. Kh1 Rb8 15. b3 Bb4 16. Bb2 c5 17. f4 Nxd3 18. cxd3 d5 19. e5 d4 20. Ng1 Bf5 21. Rad1 a5 22. Nf3 a4 23. exf6 gxf6 24. Nh4 Qd7 25. Nxf5 Qxf5 26. bxa4 Rfe8 27. Qf3 Re3 28. Qc6 Rg8 29. Rf2 Be1 30. Rf1 Bb4 31. Rf2 Re6 32. Qf3 Re3 33. Qc6 1/2-1/2

[Event "FIDE World Rapid-ch Open 2018"]
[White "Piorun, Kacper"]
[Black "Popov, Ivan"]
[Site "St. Petersburg"]
[Round "11.51"]
[Annotator "ChessBase"]
[Result "1/2-1/2"]
[Date "2018.12.28"]
[WhiteElo "2634"]
[BlackElo "2592"]
[PlyCount "71"]
[TimeControl "900+10"]

1. c4 Nf6 2. g3 e6 3. Nf3 d5 4. d4 dxc4 5. Bg2 Bd7 6. Ne5 Bc6 7. Nxc6 Nxc6 8. e3 Qd7 9. 0-0 Rd8 10. Qa4 Nb4 11. Qxd7+ Rxd7 12. Na3 c5 13. dxc5 Bxc5 14. Nxc4 0-0 15. Ne5 Rc7 16. a3 Nbd5 17. b4 Bd6 18. Bb2 Nc3 19. Nd3 b6 20. Rfe1 Nd7 21. Rac1 Rfc8 22. Rc2 Ne5 23. Nxe5 Bxe5 24. Kf1 Kf8 25. Rec1 f5 26. f4 Bf6 27. Ke1 a5 28. Bf1 axb4 29. axb4 Nd5 30. Rxc7 Rxc7 31. Rxc7 Nxc7 32. Bxf6 gxf6 33. Kd2 Ke7 34. Bc4 Ne8 35. Bd3 Nd6 36. Ke2 1/2-1/2

[Event "FIDE World Rapid-ch Open 2018"]
[White "Belyakov, Bogdan"]
[Black "Frolyanov, Dmitry"]
[Site "St. Petersburg"]
[Round "11.52"]
[Annotator "ChessBase"]
[Result "1-0"]
[Date "2018.12.28"]
[WhiteElo "2459"]
[BlackElo "2517"]
[PlyCount "57"]
[TimeControl "900+10"]

1. e4 c5 2. c3 Nf6 3. e5 Nd5 4. d4 cxd4 5. cxd4 d6 6. Bc4 Nb6 7. Bb5+ Bd7 8. e6 fxe6 9. Bd3 Bc6 10. Qg4 Qd7 11. Ne2 Na6 12. Qh5+ Kd8 13. Bxa6 bxa6 14. 0-0 g6 15. Qh4 Bg7 16. Bh6 Bxh6 17. Qxh6 Nd5 18. Nbc3 Nxc3 19. bxc3 Kc7 20. c4 e5 21. dxe5 dxe5 22. Qe3 Qf5 23. Nc3 e6 24. Rfd1 Rhd8 25. Qc5 Qg5 26. Ne4 Rxd1+ 27. Rxd1 Rd8 28. Qxa7+ Bb7 29. Rb1 1-0

[Event "FIDE World Rapid-ch Open 2018"]
[White "Roiz, Michael"]
[Black "Sanal, Vahap"]
[Site "St. Petersburg"]
[Round "11.53"]
[Annotator "ChessBase"]
[Result "0-1"]
[Date "2018.12.28"]
[WhiteElo "2605"]
[BlackElo "2490"]
[PlyCount "136"]
[TimeControl "900+10"]

1. d4 Nf6 2. c4 e6 3. Nf3 b6 4. g3 Bb7 5. Bg2 Be7 6. 0-0 0-0 7. Nc3 Ne4 8. Bd2 Nxd2 9. Qxd2 d6 10. e4 Nd7 11. Rad1 c6 12. e5 d5 13. cxd5 cxd5 14. h4 Ba6 15. Rfe1 b5 16. Bf1 Qb6 17. Ne2 f5 18. Nf4 Rfc8 19. Rc1 Nf8 20. Rxc8 Bxc8 21. Rc1 Bd7 22. Rc2 a5 23. Qc1 h6 24. Nd3 Be8 25. Be2 Bd8 26. Kg2 Qb7 27. Nc5 Qe7 28. Qf1 Rb8 29. Rc1 g5 30. hxg5 hxg5 31. Qh1 Qg7 32. Ne1 Qg6 33. Ned3 Ra8 34. Nb7 Bb6 35. Nd6 Bxd4 36. Rc7 Ra7 37. Rc8 Rh7 38. Nxe8 Rxh1 39. Kxh1 Qh6+ 40. Kg2 g4 41. Nf6+ Kg7 42. Rc7+ Kh8 43. Rf7 Qh3+ 44. Kg1 Qxg3+ 45. Kf1 Qh2 46. Ke1 Bxe5 47. Rxf8+ Kg7 48. Nd7 Bd4 49. Re8 Kf7 50. Rc8 Qg1+ 51. Bf1 Qh2 52. N7c5 g3 53. fxg3 Bxb2 54. Rc7+ Kf6 55. Nd7+ Kg5 56. Kd1 Qg1 57. Kc2 Qxf1 58. Nxb2 Qg2+ 59. Kb1 Qxg3 60. Rc1 e5 61. Nc5 f4 62. Rd1 Qg2 63. Nbd3 Kf5 64. Nb3 a4 65. Nbc1 a3 66. Nb3 e4 67. Rd2 Qg1+ 68. Ndc1 Ke5 0-1

[Event "FIDE World Rapid-ch Open 2018"]
[White "Kevlishvili, Robby"]
[Black "Novikov, Stanislav"]
[Site "St. Petersburg"]
[Round "11.54"]
[Annotator "ChessBase"]
[Result "1-0"]
[Date "2018.12.28"]
[WhiteElo "2451"]
[BlackElo "2540"]
[PlyCount "103"]
[TimeControl "900+10"]

1. e4 c5 2. Nf3 e6 3. d4 cxd4 4. Nxd4 a6 5. c4 Nf6 6. Nc3 Bb4 7. Qd3 Qc7 8. Nc2 Bxc3+ 9. Qxc3 e5 10. f3 d6 11. Be2 Be6 12. Be3 Nbd7 13. Rc1 Rc8 14. Nb4 Qa5 15. 0-0 b5 16. Qd2 0-0 17. cxb5 axb5 18. Qxd6 Kh8 19. a3 Qa4 20. Rxc8 Rxc8 21. Rc1 Rxc1+ 22. Bxc1 Bc4 23. Qd1 Qa7+ 24. Kf1 h5 25. Bxc4 bxc4 26. Qe2 Qc7 27. Bd2 h4 28. Bc3 h3 29. g3 Nb6 30. Qd1 Qc5 31. Ke2 Kh7 32. Qf1 Qc8 33. Bxe5 Qe6 34. Bd4 Na4 35. Qb1 Kg8 36. Qc2 Nb6 37. Be3 Nbd7 38. Bd4 Nh5 39. Kf2 Nhf6 40. Qc3 g5 41. e5 Nh5 42. Qe3 Qg6 43. Qe4 Qe6 44. Qg4 Qg6 45. Qxd7 Qb1 46. Qc8+ Kh7 47. Qxc4 Qh1 48. Qxf7+ Ng7 49. e6 Qxh2+ 50. Ke1 Qxg3+ 51. Kd2 Qg2+ 52. Kc3 1-0

[Event "FIDE World Rapid-ch Open 2018"]
[White "Jumabayev, Rinat"]
[Black "Lomasov, Semyon"]
[Site "St. Petersburg"]
[Round "11.55"]
[Annotator "ChessBase"]
[Result "1/2-1/2"]
[Date "2018.12.28"]
[WhiteElo "2602"]
[BlackElo "2553"]
[PlyCount "113"]
[TimeControl "900+10"]

1. Nf3 Nf6 2. g3 c5 3. Bg2 d5 4. 0-0 Nc6 5. d4 e6 6. c4 dxc4 7. Na3 cxd4 8. Nxc4 Be7 9. Qd3 0-0 10. Rd1 Bd7 11. Nxd4 Nxd4 12. Qxd4 Bb5 13. b3 Bxc4 14. bxc4 Qa5 15. Bd2 Qa6 16. Qb2 Qxc4 17. Qxb7 Rfe8 18. Be3 Nd5 19. Bxd5 exd5 20. Qxd5 Qxe2 21. Re1 Qa6 22. Rad1 Rad8 23. Qb3 Rb8 24. Qd5 Rbd8 25. Qb3 Rb8 26. Qc2 Bb4 27. Re2 Bc5 28. Qd3 Qxd3 29. Rxd3 g6 30. Kg2 Re7 31. Kf3 Rbe8 32. Rc3 Bb6 33. g4 f6 34. Rec2 Bxe3 35. Rxe3 Rxe3+ 36. fxe3 Kf7 37. h4 h5 38. gxh5 gxh5 39. Kf4 Re7 40. e4 Kg6 41. Rc6 Re5 42. Ra6 Re7 43. a4 Kg7 44. Ra5 Kg6 45. Rc5 Re6 46. a5 Rd6 47. Rd5 Rc6 48. Rb5 Rd6 49. Ke3 Rd1 50. Rb7 Rh1 51. Rxa7 Rxh4 52. a6 Rh3+ 53. Kf2 Ra3 54. Ra8 Kg7 55. Kg2 h4 56. Kh2 Ra4 57. Ra7+ 1/2-1/2

[Event "FIDE World Rapid-ch Open 2018"]
[White "Bindrich, Falko"]
[Black "Steinberg, Nitzan"]
[Site "St. Petersburg"]
[Round "11.56"]
[Annotator "ChessBase"]
[Result "0-1"]
[Date "2018.12.28"]
[WhiteElo "2606"]
[BlackElo "2532"]
[PlyCount "102"]
[TimeControl "900+10"]

1. d4 d5 2. c4 c6 3. e3 Nf6 4. Nf3 e6 5. b3 Nbd7 6. Bb2 Bb4+ 7. Nbd2 Ne4 8. Bd3 f5 9. 0-0 0-0 10. a3 Bd6 11. Ne5 Qf6 12. f4 Qe7 13. c5 Bxe5 14. fxe5 b6 15. b4 a5 16. Qe2 Nxd2 17. Qxd2 Ba6 18. Rfc1 Bxd3 19. Qxd3 Rfb8 20. Qd2 Qd8 21. Bc3 axb4 22. axb4 Qc8 23. Qe1 Rxa1 24. Rxa1 Ra8 25. Qb1 b5 26. Ra2 Ra6 27. Qa1 Nb8 28. Ra5 Qb7 29. Be1 Qa8 30. Bh4 Rxa5 31. bxa5 Na6 32. Qd1 b4 33. e4 dxe4 34. Qb3 Kf7 35. d5 cxd5 36. Qa4 Qb7 37. c6 Qa7+ 38. Kf1 Qc5 39. c7 Qxc7 40. Be1 f4 41. Qd1 g6 42. Qg4 Qc4+ 43. Kg1 Qd4+ 44. Kf1 Qd3+ 45. Kg1 Qe3+ 46. Kf1 f3 47. gxf3 exf3 48. Qg3 b3 49. Bf2 Qd3+ 50. Kg1 b2 51. Qf4+ Qf5 0-1

[Event "FIDE World Rapid-ch Open 2018"]
[White "Indjic, Aleksandar"]
[Black "Sharma, Dinesh K."]
[Site "St. Petersburg"]
[Round "11.57"]
[Annotator "ChessBase"]
[Result "1-0"]
[Date "2018.12.28"]
[WhiteElo "2620"]
[BlackElo "2295"]
[PlyCount "95"]
[TimeControl "900+10"]

1. d4 d5 2. Nf3 Nf6 3. c4 c6 4. Nc3 dxc4 5. a4 Bf5 6. e3 e6 7. Bxc4 Bb4 8. 0-0 Nbd7 9. h3 Bg6 10. Bd2 0-0 11. Nh4 Bh5 12. Be2 Bxe2 13. Qxe2 c5 14. Nf3 cxd4 15. Nxd4 a6 16. Rfd1 Rc8 17. Be1 Qc7 18. Ncb5 Qc5 19. Nb3 Qe7 20. N5d4 Bxe1 21. Qxe1 Ne5 22. Rac1 Rxc1 23. Nxc1 Rc8 24. Nce2 g6 25. Rc1 Rxc1 26. Qxc1 Qd7 27. b3 Nd5 28. Qc5 Nd3 29. Qc4 Ne5 30. Qc2 Nb4 31. Qc3 Nec6 32. Qc4 e5 33. Nxc6 Qd1+ 34. Kh2 Nxc6 35. Ng3 Kg7 36. Ne4 Qd7 37. b4 Qe7 38. b5 axb5 39. axb5 Nb8 40. Qc8 Qb4 41. Qxb7 h6 42. b6 Qf8 43. Nc5 Qe8 44. Qd5 Qe7 45. b7 Qc7 46. Ne4 Nc6 47. Nd6 Nd8 48. Ne8+ 1-0

[Event "FIDE World Rapid-ch Open 2018"]
[White "Abdusattorov, Nodirbek"]
[Black "Tregubov, Pavel V."]
[Site "St. Petersburg"]
[Round "11.58"]
[Annotator "ChessBase"]
[Result "1-0"]
[Date "2018.12.28"]
[WhiteElo "2546"]
[BlackElo "2592"]
[PlyCount "237"]
[TimeControl "900+10"]

1. d4 Nf6 2. c4 e6 3. Nc3 Bb4 4. e3 0-0 5. Bd3 d5 6. Nge2 dxc4 7. Bxc4 Be7 8. 0-0 c5 9. dxc5 Bxc5 10. a3 a6 11. Bd3 Be7 12. Nd4 b5 13. b4 Bb7 14. Bb2 Nbd7 15. Nb3 Rc8 16. Ne2 Qc7 17. Na5 Ba8 18. Nd4 Ne5 19. Be2 Nc4 20. Nxc4 bxc4 21. Rc1 Bd5 22. Qc2 Bd6 23. h3 Qb7 24. Bf3 Be5 25. Bxd5 exd5 26. Rfd1 Qc7 27. Ne2 Rfd8 28. Bxe5 Qxe5 29. Qc3 Qf5 30. Qd4 h6 31. Nc3 Rd7 32. Rd2 Re8 33. f3 Re5 34. Re1 Rde7 35. f4 R5e6 36. g4 Qh7 37. Nxd5 Nxd5 38. Qxd5 c3 39. Qa8+ Re8 40. Rd8 Kf8 41. f5 R6e7 42. Rc1 h5 43. Rxc3 Qh6 44. Rxe8+ Rxe8 45. Qc6 Qg5 46. Qf3 Qf6 47. Rd3 h4 48. Qf4 Qa1+ 49. Kg2 Rc8 50. Rd2 Qe1 51. Qf2 Qb1 52. Qxh4 Qe4+ 53. Kf2 Kg8 54. Rd8+ Rxd8 55. Qxd8+ Kh7 56. Qd4 Qh1 57. Kg3 Qg1+ 58. Kf4 Qf1+ 59. Ke4 Qxh3 60. Kd5 Qf1 61. a4 Qg2+ 62. Kd6 Qb7 63. e4 f6 64. a5 Qb8+ 65. Kc6 Qb5+ 66. Kc7 Qe8 67. Kb6 Qb5+ 68. Ka7 Qe2 69. Qd5 Kh6 70. Qb7 Qc4 71. Qd5 Qxb4 72. Kxa6 Kg5 73. Qb7 Qc4+ 74. Kb6 Qb4+ 75. Kc6 Qxe4+ 76. Kc7 Qe7+ 77. Kb6 Qb4+ 78. Ka6 Qc4+ 79. Ka7 Qd4+ 80. Qb6 Qxg4 81. a6 Qxf5 82. Kb8 Qe5+ 83. Kb7 Qe7+ 84. Qc7 Qb4+ 85. Kc8 Qf8+ 86. Kd7 Qf7+ 87. Kd6 Qf8+ 88. Kc6 Qe8+ 89. Kc5 Qe3+ 90. Kb5 Qb3+ 91. Ka5 Qa3+ 92. Kb6 Qb4+ 93. Kc6 Qc4+ 94. Kb7 Qb4+ 95. Kc8 Qf8+ 96. Kd7 Qf7+ 97. Kd6 Qf8+ 98. Qe7 Qb8+ 99. Kc6 Qc8+ 100. Kb6 Qb8+ 101. Ka5 Kh6 102. a7 Qb3 103. Qe4 Qa3+ 104. Kb6 Qd6+ 105. Qc6 Qb4+ 106. Kc7 Qe7+ 107. Kb8 Qd8+ 108. Kb7 Qe7+ 109. Qc7 Qe4+ 110. Kb6 Qb4+ 111. Kc6 Qe4+ 112. Kd7 g5 113. Qc5 Qb7+ 114. Ke8 Kg6 115. Qc2+ Kg7 116. Qa4 Qc8+ 117. Ke7 Qc5+ 118. Kd8 Qd5+ 119. Qd7+ 1-0

[Event "FIDE World Rapid-ch Open 2018"]
[White "Vokhidov, Shamsiddin"]
[Black "Gasanov, Eldar"]
[Site "St. Petersburg"]
[Round "11.59"]
[Annotator "ChessBase"]
[Result "0-1"]
[Date "2018.12.28"]
[WhiteElo "2480"]
[BlackElo "2499"]
[PlyCount "98"]
[TimeControl "900+10"]

1. e4 e5 2. Nf3 Nc6 3. Bb5 a6 4. Ba4 Nf6 5. 0-0 Be7 6. d3 d6 7. c4 0-0 8. Nc3 Bg4 9. h3 Bh5 10. Be3 Nd7 11. g4 Bg6 12. Ne2 f6 13. Ng3 Nc5 14. Bc2 Re8 15. Qd2 a5 16. Nh4 Ne6 17. Ba4 Bf7 18. Ng2 Ncd4 19. f4 c6 20. Nf5 Bf8 21. Qf2 Nc5 22. Bc2 Nxc2 23. Qxc2 Rc8 24. Ng3 d5 25. fxe5 d4 26. Bd2 fxe5 27. Nf5 b5 28. b3 a4 29. b4 Nxd3 30. Qxd3 Bxc4 31. Qf3 Bxf1 32. Rxf1 Qd7 33. Ne1 c5 34. bxc5 Rxc5 35. Nd3 Rcc8 36. Nb4 Qe6 37. Nd5 Kh8 38. Ba5 g6 39. Ng3 Bd6 40. Qd3 Rf8 41. Qxb5 Rxf1+ 42. Nxf1 Qf7 43. Qa6 Rf8 44. Be1 Bc5 45. Nh2 d3+ 46. Kh1 d2 47. Bxd2 Qf2 48. Be3 Bxe3 49. Nxe3 Qxe3 0-1

[Event "FIDE World Rapid-ch Open 2018"]
[White "Nihal Sarin"]
[Black "Yilmaz, Mustafa"]
[Site "St. Petersburg"]
[Round "11.60"]
[Annotator "ChessBase"]
[Result "1/2-1/2"]
[Date "2018.12.28"]
[WhiteElo "2576"]
[BlackElo "2636"]
[PlyCount "60"]
[TimeControl "900+10"]

1. d4 Nf6 2. Nf3 d5 3. c4 e6 4. g3 dxc4 5. Bg2 c5 6. 0-0 Nc6 7. dxc5 Qxd1 8. Rxd1 Bxc5 9. Nbd2 c3 10. bxc3 0-0 11. Nb3 Be7 12. c4 Bd7 13. Bb2 Rfd8 14. Nfd4 Rac8 15. Nb5 b6 16. Nd6 Bxd6 17. Rxd6 Be8 18. Rd3 Nb4 19. Rxd8 Rxd8 20. Bc3 a5 21. c5 bxc5 22. Nxc5 Bb5 23. Nb7 Rc8 24. Bxb4 axb4 25. Nd6 Rc5 26. Nxb5 Rxb5 27. Rb1 Kf8 28. a4 Rb6 29. a5 Ra6 30. Rxb4 Rxa5 1/2-1/2

[Event "FIDE World Rapid-ch Open 2018"]
[White "Le, Quang Liem"]
[Black "Oganian, Miran"]
[Site "St. Petersburg"]
[Round "11.61"]
[Annotator "ChessBase"]
[Result "1-0"]
[Date "2018.12.28"]
[WhiteElo "2714"]
[BlackElo "2423"]
[PlyCount "63"]
[TimeControl "900+10"]

1. c4 Nf6 2. Nc3 e6 3. e4 d5 4. cxd5 exd5 5. e5 Ne4 6. Nf3 Nc6 7. Bb5 Nxc3 8. dxc3 Be7 9. 0-0 0-0 10. Bd3 Bg4 11. Re1 Qd7 12. h3 Bh5 13. Bf4 Bg6 14. Qd2 Nd8 15. Rad1 Ne6 16. Bh2 Rad8 17. Nd4 Bc5 18. Nf5 Bb6 19. g4 Rfe8 20. Bg3 Nc5 21. Bc2 Bxf5 22. gxf5 Qe7 23. Qf4 f6 24. Qg4 Ne4 25. Bxe4 dxe4 26. exf6 Rxd1 27. fxe7 Rxe1+ 28. Kg2 Rxe7 29. f6 Rf7 30. Qc8+ Rf8 31. Qe6+ Rf7 32. Qe8+ 1-0

[Event "FIDE World Rapid-ch Open 2018"]
[White "Khismatullin, Denis"]
[Black "Sokolin, Leonid"]
[Site "St. Petersburg"]
[Round "11.62"]
[Annotator "ChessBase"]
[Result "1/2-1/2"]
[Date "2018.12.28"]
[WhiteElo "2621"]
[BlackElo "2508"]
[PlyCount "79"]
[TimeControl "900+10"]

1. Nf3 e6 2. b3 f5 3. Bb2 Nf6 4. g3 d5 5. Bg2 c6 6. 0-0 Bd6 7. d3 0-0 8. Nbd2 Nbd7 9. e4 fxe4 10. dxe4 e5 11. Qe2 Re8 12. Rad1 Qc7 13. exd5 cxd5 14. c4 d4 15. Ng5 Nc5 16. b4 Na4 17. Nde4 Nxb2 18. Qxb2 Nxe4 19. Bxe4 g6 20. c5 Bf8 21. f4 Bh6 22. Bd5+ Kg7 23. Nf7 Bh3 24. Rfe1 Qd7 25. Nxe5 Qxd5 26. Rxd4 Qg8 27. g4 Bxg4 28. Nxg4 Rxe1+ 29. Kf2 Kf8 30. Kxe1 Qe6+ 31. Ne5 Bg7 32. Rd6 Qf5 33. Qd4 Re8 34. Rd8 Qb1+ 35. Kf2 Qxa2+ 36. Kg3 Qb3+ 37. Kg2 Qa2+ 38. Kf3 Qb3+ 39. Kg2 Qa2+ 40. Kg3 1/2-1/2

[Event "FIDE World Rapid-ch Open 2018"]
[White "Salgado Lopez, Ivan"]
[Black "Gutenev, Alexander"]
[Site "St. Petersburg"]
[Round "11.63"]
[Annotator "ChessBase"]
[Result "1/2-1/2"]
[Date "2018.12.28"]
[WhiteElo "2629"]
[BlackElo "2456"]
[PlyCount "119"]
[TimeControl "900+10"]

1. d4 Nf6 2. Nf3 g6 3. c3 Bg7 4. Bg5 b6 5. Nbd2 Bb7 6. e3 h6 7. Bh4 d6 8. Bd3 Nbd7 9. 0-0 0-0 10. Re1 e5 11. e4 Qe8 12. a4 a5 13. Qc2 Nh5 14. dxe5 Nxe5 15. Bb5 Bc6 16. Bf1 Qc8 17. Nd4 Qg4 18. Nxc6 Nxc6 19. Bg3 Nxg3 20. hxg3 Ne5 21. Nb3 Qh5 22. f3 Nd7 23. Nd4 Qc5 24. Qf2 Ne5 25. g4 Rad8 26. Nb3 Qxf2+ 27. Kxf2 d5 28. Rad1 dxe4 29. Rxd8 Rxd8 30. Rxe4 Kf8 31. Ke1 Bf6 32. Ba6 Nd7 33. Bb5 Nc5 34. Nxc5 bxc5 35. g3 Be7 36. f4 Rd6 37. Bc4 Rb6 38. Re2 Rd6 39. Re5 Rd8 40. Bb5 Rd6 41. Bc4 Rd8 42. Bb5 Bd6 43. Re4 Be7 44. Ke2 Rd6 45. Re5 Rd8 46. Re4 Rd6 47. Bc4 Rb6 48. b3 Rd6 49. Re5 Rd8 50. Rd5 Bd6 51. Bb5 Ke7 52. Kd3 g5 53. Ke4 Rg8 54. Kf3 Rg6 55. Bc4 Rf6 56. f5 c6 57. Rd3 Bc7 58. Re3+ Kf8 59. Rd3 Rd6 60. Rxd6 1/2-1/2

[Event "FIDE World Rapid-ch Open 2018"]
[White "Gordievsky, Dmitry"]
[Black "Smirin, Ilia"]
[Site "St. Petersburg"]
[Round "11.64"]
[Annotator "ChessBase"]
[Result "0-1"]
[Date "2018.12.28"]
[WhiteElo "2614"]
[BlackElo "2609"]
[PlyCount "69"]
[TimeControl "900+10"]

1. d4 Nf6 2. Nf3 g6 3. Nbd2 Bg7 4. e4 d6 5. Bd3 0-0 6. 0-0 Nc6 7. c3 e5 8. dxe5 Nxe5 9. Nxe5 dxe5 10. Nc4 Qe7 11. Bg5 a5 12. a4 b6 13. Ne3 Bb7 14. Qc2 h6 15. Bh4 Qc5 16. Rfe1 Nh5 17. f3 Nf4 18. Bf1 h5 19. Bf2 Qe7 20. Rad1 h4 21. Rd2 Qg5 22. Kh1 f5 23. Rd7 Rac8 24. Nd5 fxe4 25. fxe4 Bxd5 26. exd5 Qg4 27. Rxg7+ Kxg7 28. Qe4 Rce8 29. Bg1 Qf5 30. Bb5 Re7 31. Bc6 h3 32. gxh3 Qxe4+ 33. Rxe4 Nxh3 34. d6 Rf1 35. Rg4 0-1

[Event "FIDE World Rapid-ch Open 2018"]
[White "Tsydypov, Zhamsaran"]
[Black "Teterev, Vitaly"]
[Site "St. Petersburg"]
[Round "11.65"]
[Annotator "ChessBase"]
[Result "1-0"]
[Date "2018.12.28"]
[WhiteElo "2529"]
[BlackElo "2486"]
[PlyCount "107"]
[TimeControl "900+10"]

1. d4 Nf6 2. c4 g6 3. Nc3 Bg7 4. e4 d6 5. Nf3 0-0 6. Be2 e5 7. 0-0 exd4 8. Nxd4 Re8 9. f3 Nc6 10. Be3 Nh5 11. Rf2 f5 12. Nxc6 bxc6 13. Bd4 Nf6 14. exf5 Bxf5 15. c5 d5 16. b4 a6 17. Bf1 Nd7 18. Bxg7 Kxg7 19. Ne2 Qf6 20. Nd4 Nf8 21. Nb3 Bd7 22. Qd4 Qxd4 23. Nxd4 a5 24. b5 cxb5 25. c6 Bc8 26. Nxb5 Ne6 27. Rd2 Ra6 28. Rc1 Rd8 29. a4 Rb6 30. Kf2 Kf6 31. g3 Ba6 32. f4 Bxb5 33. axb5 a4 34. Ra2 Ra8 35. Ke3 Ke7 36. Ra3 Kd6 37. Rd1 Ra5 38. Bc4 Raxb5 39. Bxb5 Rxb5 40. Rxa4 Kxc6 41. Ra6+ Kd7 42. Rd2 h5 43. Kf3 Rb3+ 44. Kg2 c6 45. Ra7+ Kd6 46. Rf7 d4 47. Rf6 Kd5 48. Re2 Nd8 49. Re8 Nb7 50. Re5+ Kc4 51. Rxc6+ Kd3 52. Rxg6 Rb2+ 53. Kf3 Kd2 54. Re2+ 1-0

[Event "FIDE World Rapid-ch Open 2018"]
[White "AL-Sayed, Mohammed"]
[Black "Miton, Kamil"]
[Site "St. Petersburg"]
[Round "11.66"]
[Annotator "ChessBase"]
[Result "0-1"]
[Date "2018.12.28"]
[WhiteElo "2484"]
[BlackElo "2588"]
[PlyCount "66"]
[TimeControl "900+10"]

1. e4 c5 2. Nf3 d6 3. Bb5+ Bd7 4. a4 Nf6 5. Nc3 e6 6. e5 dxe5 7. Nxe5 Be7 8. 0-0 0-0 9. d3 a6 10. Bxd7 Nbxd7 11. Nc4 Nb6 12. Nxb6 Qxb6 13. Qf3 Rac8 14. b3 Qc6 15. Qxc6 Rxc6 16. Re1 b6 17. Bf4 Rd8 18. Kf1 Kf8 19. h3 Rcc8 20. Rad1 Nd7 21. Ne4 Nb8 22. Nd2 b5 23. axb5 axb5 24. Ne4 Nc6 25. Nc3 Nd4 26. Rc1 c4 27. bxc4 bxc4 28. dxc4 Rxc4 29. Ne4 Nxc2 30. Re2 Na3 31. Rxc4 Nxc4 32. g4 Rd4 33. Bg3 Rxe4 0-1

[Event "FIDE World Rapid-ch Open 2018"]
[White "Carlsson, Pontus"]
[Black "Gareyev, Timur"]
[Site "St. Petersburg"]
[Round "11.67"]
[Annotator "ChessBase"]
[Result "1-0"]
[Date "2018.12.28"]
[WhiteElo "2463"]
[BlackElo "2569"]
[PlyCount "77"]
[TimeControl "900+10"]

1. e4 e5 2. Nf3 Nc6 3. d4 exd4 4. Nxd4 Qf6 5. Nb5 Bc5 6. Qe2 Qd8 7. Be3 Bb4+ 8. c3 Ba5 9. Nd2 Nge7 10. Nc4 0-0 11. Nxa5 Nxa5 12. 0-0-0 d6 13. Qh5 Nac6 14. f4 Be6 15. Kb1 f6 16. Bd3 Qd7 17. h3 f5 18. g4 Bf7 19. Qh4 fxe4 20. Bc2 Rae8 21. Rhe1 a6 22. Nd4 d5 23. Nxc6 Qxc6 24. f5 Qd6 25. Bxe4 Nc6 26. Bc2 d4 27. Bxd4 Nxd4 28. Rxd4 Qh6 29. Qf2 Qxh3 30. g5 Rxe1+ 31. Qxe1 Re8 32. Qf2 Qh5 33. Qg3 c5 34. Rd1 Qe2 35. g6 hxg6 36. fxg6 Bxa2+ 37. Kxa2 Qxc2 38. Qg4 Qh2 39. Qe6+ 1-0

[Event "FIDE World Rapid-ch Open 2018"]
[White "Gabrielian, Artur"]
[Black "Zubritskiy, Artyom"]
[Site "St. Petersburg"]
[Round "11.68"]
[Annotator "ChessBase"]
[Result "1-0"]
[Date "2018.12.28"]
[WhiteElo "2499"]
[BlackElo "2442"]
[PlyCount "63"]
[TimeControl "900+10"]

1. e4 c5 2. Nc3 d6 3. d4 cxd4 4. Qxd4 a6 5. b3 Nc6 6. Qd2 Nf6 7. Bb2 e6 8. 0-0-0 Be7 9. f4 0-0 10. Nf3 Qa5 11. Kb1 Rd8 12. Bd3 Nb4 13. a3 Nxd3 14. cxd3 Qb6 15. Ka2 Bd7 16. g4 a5 17. g5 Ne8 18. f5 a4 19. b4 exf5 20. Nd5 Be6 21. Nd4 Bxd5+ 22. exd5 Nc7 23. Nxf5 Nxd5 24. Bxg7 Rac8 25. Bb2 Bf8 26. Rhg1 Qb5 27. Rdf1 Rc7 28. Ka1 Rdc8 29. Nh6+ Bxh6 30. gxh6+ Kf8 31. Qg5 Ke8 32. Rf5 1-0

[Event "FIDE World Rapid-ch Open 2018"]
[White "Tissir, Mohamed"]
[Black "Golubov, Saveliy"]
[Site "St. Petersburg"]
[Round "11.69"]
[Annotator "ChessBase"]
[Result "1-0"]
[Date "2018.12.28"]
[WhiteElo "2387"]
[BlackElo "2482"]
[PlyCount "69"]
[TimeControl "900+10"]

1. e4 c5 2. Nc3 a6 3. Nf3 b5 4. d4 cxd4 5. Nxd4 Bb7 6. Bd3 e6 7. 0-0 Qc7 8. a3 Nf6 9. Qe2 d6 10. f4 Nbd7 11. Kh1 Be7 12. Bd2 h5 13. Rae1 h4 14. Rf3 Nc5 15. b4 Nxd3 16. cxd3 Rc8 17. Rh3 g6 18. Rf1 e5 19. Nb3 exf4 20. Rxf4 Nd7 21. Rf1 0-0 22. Nd4 Ne5 23. Nc2 f5 24. exf5 Rxf5 25. Rxf5 gxf5 26. Nd4 Qd7 27. Qh5 f4 28. Nf5 Bf6 29. d4 Qc6 30. d5 Qc4 31. Qd1 f3 32. gxf3 Bxd5 33. Qg1+ Kh7 34. Nxd5 Qxd5 35. Rxh4+ 1-0

[Event "FIDE World Rapid-ch Open 2018"]
[White "Popov, Valerij"]
[Black "Kobo, Ori"]
[Site "St. Petersburg"]
[Round "11.70"]
[Annotator "ChessBase"]
[Result "1-0"]
[Date "2018.12.28"]
[WhiteElo "2532"]
[BlackElo "2494"]
[PlyCount "115"]
[TimeControl "900+10"]

1. d4 Nf6 2. Nf3 g6 3. c4 Bg7 4. Nc3 d5 5. Bg5 Ne4 6. cxd5 Nxg5 7. Nxg5 0-0 8. Nf3 c6 9. dxc6 Nxc6 10. e3 e5 11. d5 e4 12. dxc6 Qxd1+ 13. Rxd1 exf3 14. gxf3 bxc6 15. Na4 Be6 16. b3 Rfd8 17. Ba6 Bf8 18. Ke2 Kg7 19. Bb7 Rab8 20. Bxc6 Rdc8 21. Be4 Rb5 22. Rc1 Rxc1 23. Rxc1 Rh5 24. Rc7 a5 25. Ra7 Bb4 26. f4 Rxh2 27. Nb2 h5 28. Nd3 Bc3 29. Nc5 Bg4+ 30. Kf1 Rh4 31. Bd5 Kh6 32. Rxf7 Bh3+ 33. Ke2 Bf5 34. a4 Rg4 35. Ne4 Bxe4 36. Bxe4 Rg1 37. Rc7 Bb4 38. f5 gxf5 39. Bxf5 Re1+ 40. Kf3 Kg5 41. Bd3 Rd1 42. Rg7+ Kf6 43. Rg6+ Kf7 44. Be4 Rd2 45. Rh6 Rb2 46. Rxh5 Be1 47. Bd5+ Kf6 48. Rh2 Ke5 49. Bc4 Kf5 50. e4+ Ke5 51. Ke3 Bd2+ 52. Kd3 Bf4 53. Rh5+ Kd6 54. Rd5+ Kc6 55. e5 Rxf2 56. Rxa5 Bd2 57. Bd5+ Kb6 58. Rb5+ 1-0

[Event "FIDE World Rapid-ch Open 2018"]
[White "Fakhrutdinov, Timur"]
[Black "Geller, Jakov"]
[Site "St. Petersburg"]
[Round "11.71"]
[Annotator "ChessBase"]
[Result "1/2-1/2"]
[Date "2018.12.28"]
[WhiteElo "2481"]
[BlackElo "2518"]
[PlyCount "134"]
[TimeControl "900+10"]

1. e4 c5 2. Nf3 Nc6 3. d4 cxd4 4. Nxd4 g6 5. Nc3 Bg7 6. Be3 Nf6 7. Bc4 0-0 8. Bb3 Re8 9. 0-0 d6 10. h3 Na5 11. Re1 a6 12. Qd3 Bd7 13. Rad1 Nxb3 14. axb3 Qc7 15. Bg5 Bc6 16. Nxc6 bxc6 17. Ra1 a5 18. Ra4 Nd7 19. Be3 e6 20. Rea1 d5 21. Qd2 Nb6 22. R4a2 Red8 23. exd5 Nxd5 24. Nxd5 Rxd5 25. Qe2 Rad8 26. g3 h5 27. h4 Qe5 28. Qc4 Qf5 29. Kg2 Bd4 30. Re1 Rc5 31. Qd3 Rxc2 32. Qxf5 gxf5 33. Rxa5 Bxe3 34. Rxe3 Rdd2 35. Rf3 Kg7 36. b4 Rxb2 37. Rc5 Rbc2 38. Rxc2 Rxc2 39. Rb3 Kg6 40. b5 cxb5 41. Rxb5 Rc4 42. f4 Rc2+ 43. Kf3 Rc3+ 44. Kf2 Rc8 45. Kf3 Kf6 46. Rb7 Kg6 47. Ra7 Rc6 48. Ra8 Kg7 49. Re8 Rc3+ 50. Kf2 Rc4 51. Kf3 Re4 52. Ra8 f6 53. Ra7+ Kg6 54. Ra6 Kh6 55. Rb6 Kg6 56. Ra6 Kf7 57. Ra7+ Kf8 58. Ra8+ Kf7 59. Ra7+ Kf8 60. Ra8+ Ke7 61. Ra7+ Kf8 62. Ra8+ Kg7 63. Ra7+ Kg6 64. Ra6 e5 65. fxe5 Rxe5 66. Ra4 Rb5 67. Rc4 Ra5 {[%emt 0:0:0] Ke4} 1/2-1/2